 Dungeon Crawl Stone Soup version 0.25-a0-290-g4a1327ee3a (webtiles) character file.

Game seed: 5223130422442158, levelgen mode: classic

67 Borgoz the Cutter (level 4, -3/45 HPs)
             Began as a Halfling Gladiator on Dec 14, 2019.
             Slain by a gnoll
             ... wielding a +0 halberd
              (7 damage)
             ... on level 2 of the Dungeon.
             The game lasted 00:03:23 (1043 turns).

Borgoz the Cutter (Halfling Gladiator)              Turns: 1043, Time: 00:03:23

Health: -3/45      AC:  5    Str: 21    XL:     4   Next: 38%
Magic:  4/4        EV: 16    Int:  6    God:
Gold:   46         SH:  0    Dex: 15    Spells: 3/3 levels left

rFire    . . .     SeeInvis .   a - +0 rapier
rCold    + . .     Gourm    .   (shield restricted)
rNeg     . . .     Faith    .   b - +0 leather armour
rPois    .         Spirit   .   c - +0 helmet
rElec    .         Reflect  .   (no cloak)
rCorr    .         Harm     .   h - +0 pair of gloves
MR       .....     Rnd*Rage +   (no boots)
Stlth    ..........             (no amulet)
HPRegen  0.15/turn              g - ring of stealth
MPRegen  0.09/turn              (no ring)

@: mighty, berserking, very quick
A: small, berserk 1, cold resistance 1, mutation resistance 1
a: no special abilities


You were on level 2 of the Dungeon.
You were hungry.

You visited 1 branch of the dungeon, and saw 2 of its levels.

You collected 46 gold pieces.

Inventory:

Hand Weapons
 a - a +0 rapier (weapon)
 j - a +0 dagger of flaming
Missiles
 d - 3 throwing nets (quivered)
Armour
 b - a +0 leather armour (worn)
 c - a +0 helmet (worn)
 h - a +0 pair of gloves (worn)
Jewellery
 g - a ring of stealth (left hand)
Scrolls
 e - a scroll of fear {unknown}
Comestibles
 f - 3 rations


   Skills:
 + Level 2.4 Fighting
 + Level 4.3 Short Blades
 - Level 2.0 Throwing
 + Level 1.7 Armour
 + Level 3.9 Dodging


You had 3 spell levels left.
You didn't know any spells.
Your spell library was empty.

Dungeon Overview and Level Annotations

Branches:
Dungeon (2/15)

Altars:


Innate Abilities, Weirdness & Mutations

You are small and have problems with some larger weapons.
You are somewhat resistant to further mutation.
You tend to lose your temper in combat.
Your flesh is cold resistant. (rC+)


Message History

You hit the gnoll.
The gnoll is lightly wounded.
You closely miss the gnoll. The gnoll closely misses you. x2
It was a potion of mutation.
You feel extremely strange.
You feel a little pissed off.
You feel resistant to cold. The gnoll closely misses you. The gnoll misses you.
It was a potion of might.
You feel very mighty all of a sudden. The gnoll hits you with a +0 halberd.
* * * LOW HITPOINT WARNING * * *
The gnoll misses you.
It was a potion of magic.
Magic courses through your body. The gnoll hits you with a +0 halberd!
* * * LOW HITPOINT WARNING * * *
The gnoll hits you but does no damage.
It was a potion of berserk rage.
A red film seems to cover your vision as you go berserk!
You feel yourself moving faster!
You feel mighty! The gnoll closely misses you.
The gnoll hits you with a +0 halberd!
You die...

#.# #.# #.# #.# #.####
#.# .....# #.# #.##.#
#.# #.##.#########.#
#.#............#
#.#..######.##.#########
..#..# #......@gg.....
.##..# #..#...#g#######
. #..# ##....#.## ...#
##.##.## ##.## #. ### ..
#


You could see 3 gnolls.

Vanquished Creatures
  A gnoll (D:2)
  2 adders (D:2)
  A dart slug (D:1)
  3 leopard geckos (D:1)
  A ball python (D:1)
  A giant cockroach (D:1)
  5 goblins
  6 hobgoblins
  5 kobolds (D:1)
  3 bats
  4 frilled lizards (D:1)
  4 rats (D:1)
36 creatures vanquished.

Notes
Turn   | Place    | Note
-------+----------+-------------------------------------------
     0 | D:1      | Borgoz the Halfling Gladiator began the quest for the Orb.
     0 | D:1      | Reached XP level 1. HP: 14/14 MP: 1/1
    69 | D:1      | Reached XP level 2. HP: 16/19 MP: 2/2
   275 | D:1      | Reached skill level 1 in Armour
   394 | D:1      | Reached skill level 4 in Short Blades
   394 | D:1      | Reached XP level 3. HP: 24/24 MP: 3/3
   455 | D:1      | You fall into a shaft and drop 1 floor!
   619 | D:1      | Reached XP level 4. HP: 29/29 MP: 4/4
  1040 | D:2      | Gained mutation: You tend to lose your temper in combat.
                  | [potion of mutation]
  1040 | D:2      | Gained mutation: Your flesh is cold resistant. (rC+)
                  | [potion of mutation]
  1043 | D:2      | Slain by a gnoll

Levels and vault maps discovered:
D:1:      dpeg_arrival_tiny_i, layout_loops_ring
D:2:      layout_loops_ring, serial_park_tiny_2, okawaru_ov_weapons_minmay,
          uniq_terence, uniq_robin, uniq_crazy_yiuf_cottage

Skill      XL: |  1  2 |
---------------+-------+-----
Fighting       | 2 |  2.4
Armour         | 1 |  1.7
Short Blades   | 4 |  4.3
Throwing       | |  2.0
Dodging        | |  3.9

Action                   |  1- 3 |  4- 6 || total
-------------------------+-------+-------++-------
Melee: Rapier            |   104 |    37 ||   141
  Use: Potion            |       |     4 ||     4
 Stab: Sleeping          |     1 |       ||     1
Armor: Leather armour    |    17 |     4 ||    21
Dodge: Dodged            |    85 |    41 ||   126

Table legend:
 A = Non-vault XP
 B = Vault XP
 C = Vault XP percentage of total XP
 D = Non-vault monster count
 E = Vault monster count
 F = Vault count percentage of total count
                 A         B        C        D         E       F
            +---------+---------+-------+---------+---------+-------
      Total |      96 |       0 |   0.0 |      36 |       0 |   0.0
            +---------+---------+-------+---------+---------+-------
        D:1 |      50 |       0 |   0.0 |      29 |       0 |   0.0
        D:2 |      46 |       0 |   0.0 |       7 |       0 |   0.0
            +---------+---------+-------+---------+---------+-------
